TOP OF THE 1ST |
Lake Minnetonka Love Boats batting - Pitching for Springfield Shooters : RHP Jami Haakana
|
Pitching: RHP Jami Haakana
|
|
Batting: RHB Francisco Guerra
|
0-0: Called Strike 0-1: Foul Ball, location: 2F 0-2: Ground out 1-3 (Groundball, 15S)
|
Batting: LHB Matt Palmer
|
0-0: Ball 1-0: Foul Ball, location: 2F 1-1: Ball 2-1: Ground out 6-3 (Groundball, 6S)
|
Batting: RHB Mario van Heijbeeck
|
0-0: Called Strike 0-1: Ground out 6-3 (Groundball, 56)
|
Top of the 1st over - 0 runs, 0 hits, 0 errors, 0 left on base; Lake Minnetonka 0 - Springfield 0 |
BOTTOM OF THE 1ST |
Springfield Shooters batting - Pitching for Lake Minnetonka Love Boats : RHP Dylan Telford
|
Pitching: RHP Dylan Telford
|
|
Batting: RHB Mei Kim
|
0-0: Called Strike 0-1: Ground out 5-3 (Groundball, 5)
|
Batting: RHB Gianni Martin
|
0-0: Called Strike 0-1: Swinging Strike 0-2: Strikes out swinging
|
Batting: LHB Jared Swanson
|
0-0: Fly out, F8 (Flyball, 8RM)
|
Bottom of the 1st over - 0 runs, 0 hits, 0 errors, 0 left on base; Lake Minnetonka 0 - Springfield 0 |
TOP OF THE 2ND |
Lake Minnetonka Love Boats batting - Pitching for Springfield Shooters : RHP Jami Haakana
|
Batting: LHB Juan Ramírez
|
0-0: Called Strike 0-1: Called Strike 0-2: Strikes out swinging
|
Batting: RHB Jeff Hunter
|
0-0: Ball 1-0: Fly out, F9 (Flyball, 9S)
|
Batting: LHB Wilton Maynard
|
0-0: Ball 1-0: Fly out, F9 (Flyball, 9)
|
Top of the 2nd over - 0 runs, 0 hits, 0 errors, 0 left on base; Lake Minnetonka 0 - Springfield 0 |
BOTTOM OF THE 2ND |
Springfield Shooters batting - Pitching for Lake Minnetonka Love Boats : RHP Dylan Telford
|
Batting: RHB Karl Wade
|
0-0: Called Strike 0-1: Ball 1-1: Ball 2-1: DOUBLE (Flyball, 8RXD)
|
Batting: RHB Fook Zhŕo
|
0-0: Ball 1-0: Swinging Strike 1-1: Ball 2-1: Ball 3-1: Called Strike 3-2: Foul Ball, location: 2F 3-2: Base on Balls
|
Batting: RHB Daniel Carr
|
0-0: SINGLE (Groundball, 3D) Karl Wade to third Fook Zhŕo to second
|
Batting: RHB Júlio Barajas
|
0-0: Ball 1-0: Swinging Strike 1-1: Foul Ball, location: 2F 1-2: Strikes out swinging
|
Batting: RHB Don Pokorski
|
0-0: Called Strike 0-1: Foul Ball, location: 2F 0-2: Ball 1-2: Ball 2-2: Foul Ball, location: 2F 2-2: Ball 3-2: Strikes out swinging
|
Batting: RHB Ernesto Amézaga
|
0-0: Ball 1-0: SINGLE (Line Drive, 6) (infield hit) Karl Wade scores Fook Zhŕo to third Daniel Carr to second
|
Batting: RHB Mei Kim
|
0-0: Called Strike 0-1: Ground out 4-3 (Groundball, 4)
|
Bottom of the 2nd over - 1 run, 3 hits, 0 errors, 3 left on base; Lake Minnetonka 0 - Springfield 1 |
TOP OF THE 3RD |
Lake Minnetonka Love Boats batting - Pitching for Springfield Shooters : RHP Jami Haakana
|
Batting: RHB Martin van Veldhuizen
|
0-0: Called Strike 0-1: Ball 1-1: Foul Ball, location: 2F 1-2: Foul Ball, location: 2F 1-2: Ball 2-2: SINGLE (Groundball, 6M) (infield hit)
|
Batting: RHB Hatui Haunani
|
0-0: Called Strike 0-1: Ball 1-1: Ball 2-1: Called Strike 2-2: Foul Ball, location: 2F 2-2: Strikes out swinging
|
Batting: RHB Yoshii Saikawa
|
0-0: Called Strike 0-1: Ball 1-1: Swinging Strike 1-2: Ball 2-2: Strikes out swinging
|
Batting: RHB Francisco Guerra
|
0-0: Ball 1-0: Fly out, F8 (Flyball, 8RS)
|
Top of the 3rd over - 0 runs, 1 hit, 0 errors, 1 left on base; Lake Minnetonka 0 - Springfield 1 |
BOTTOM OF THE 3RD |
Springfield Shooters batting - Pitching for Lake Minnetonka Love Boats : RHP Dylan Telford
|
Batting: RHB Gianni Martin
|
0-0: Ball 1-0: Ball 2-0: Ball 3-0: Called Strike 3-1: Base on Balls
|
Batting: LHB Jared Swanson
|
0-0: Ball 1-0: Called Strike 1-1: Reached on error, E4 (Groundball, 34D) Gianni Martin to second
|
Batting: RHB Karl Wade
|
0-0: Called Strike 0-1: Fly out, F8 (Flyball, 78M)
|
Batting: RHB Fook Zhŕo
|
0-0: Called Strike 0-1: Foul Ball, location: 2F 0-2: Foul Ball, location: 2F 0-2: Ball 1-2: Ball 2-2: Ground out 2-3 (Groundball, 15S) Gianni Martin to third Jared Swanson to second
|
Batting: RHB Daniel Carr
|
0-0: Swinging Strike 0-1: Ball 1-1: Ball 2-1: Ground out 6-3 (Groundball, 6M)
|
Bottom of the 3rd over - 0 runs, 0 hits, 1 error, 2 left on base; Lake Minnetonka 0 - Springfield 1 |
TOP OF THE 4TH |
Lake Minnetonka Love Boats batting - Pitching for Springfield Shooters : RHP Jami Haakana
|
Batting: LHB Matt Palmer
|
0-0: Called Strike 0-1: Ball 1-1: Foul Ball, location: 2F 1-2: Ground out 6-3 (Groundball, 6)
|
Batting: RHB Mario van Heijbeeck
|
0-0: Ball 1-0: Ball 2-0: Foul Ball, location: 2F 2-1: Swinging Strike 2-2: Foul Ball, location: 2F 2-2: Ball 3-2: Foul Ball, location: 2F 3-2: Base on Balls
|
Batting: LHB Juan Ramírez
|
0-0: Swinging Strike 0-1: Swinging Strike 0-2: Ball 1-2: Ball 2-2: Fly out, F8 (Flyball, 8RM)
|
Batting: RHB Jeff Hunter
|
0-0: Swinging Strike 0-1: Ball 1-1: Foul Ball, location: 2F 1-2: Ball Mario van Heijbeeck steals 2nd base 2-2: Ball 3-2: Foul Ball, location: 2F 3-2: Foul Ball, location: 2F 3-2: Base on Balls
|
Batting: LHB Wilton Maynard
|
0-0: Called Strike 0-1: Ball 1-1: Ball 2-1: Ball 3-1: Fly out, F7 (Flyball, 7)
|
Top of the 4th over - 0 runs, 0 hits, 0 errors, 2 left on base; Lake Minnetonka 0 - Springfield 1 |
BOTTOM OF THE 4TH |
Springfield Shooters batting - Pitching for Lake Minnetonka Love Boats : RHP Dylan Telford
|
Batting: RHB Júlio Barajas
|
0-0: Ball 1-0: Swinging Strike 1-1: Called Strike 1-2: Foul Ball, location: 2F 1-2: Ball 2-2: Ball 3-2: Base on Balls
|
Batting: RHB Don Pokorski
|
0-0: Fielders Choice at 2nd, 1-4 (Groundball, 15S)
|
Batting: RHB Ernesto Amézaga
|
0-0: Fly out, F9 (Flyball, 9LS)
|
Batting: RHB Mei Kim
|
0-0: Ground out 5-3 (Groundball, 56S)
|
Bottom of the 4th over - 0 runs, 0 hits, 0 errors, 1 left on base; Lake Minnetonka 0 - Springfield 1 |
TOP OF THE 5TH |
Lake Minnetonka Love Boats batting - Pitching for Springfield Shooters : RHP Jami Haakana
|
Batting: RHB Martin van Veldhuizen
|
0-0: SINGLE (Line Drive, 9S)
|
Batting: RHB Hatui Haunani
|
0-0: Ball 1-0: Ball Martin van Veldhuizen is caught stealing 2nd base 2-0: Foul Ball, location: 2F 2-1: Foul Ball, location: 2F 2-2: Ball 3-2: Fly out, F8 (Flyball, 8RM)
|
Batting: RHB Yoshii Saikawa
|
0-0: Ball 1-0: Swinging Strike 1-1: Ball 2-1: Foul Ball, location: 2F 2-2: Fly out, F9 (Flyball, 9LSF)
|
Top of the 5th over - 0 runs, 1 hit, 0 errors, 0 left on base; Lake Minnetonka 0 - Springfield 1 |
BOTTOM OF THE 5TH |
Springfield Shooters batting - Pitching for Lake Minnetonka Love Boats : RHP Dylan Telford
|
Batting: RHB Gianni Martin
|
0-0: Ball 1-0: Ball 2-0: Ball 3-0: Called Strike 3-1: Base on Balls
|
Batting: LHB Jared Swanson
|
0-0: Ball 1-0: Ball 2-0: Called Strike 2-1: SINGLE (Groundball, 34D) Gianni Martin to second Runner from 2nd tries for 3rd, SAFE, no throw
|
Batting: RHB Karl Wade
|
0-0: Ball 1-0: Swinging Strike 1-1: Fly out, F8 (Flyball, 78D) Runner from 3rd tags up, SCORES, throw made
|
Batting: RHB Fook Zhŕo
|
0-0: Ball 1-0: Ball 2-0: Ball 3-0: Called Strike 3-1: Grounds into double play, 5-4-3 (Groundball, 5)
|
Bottom of the 5th over - 1 run, 1 hit, 0 errors, 0 left on base; Lake Minnetonka 0 - Springfield 2 |
TOP OF THE 6TH |
Lake Minnetonka Love Boats batting - Pitching for Springfield Shooters : RHP Jami Haakana
|
Batting: RHB Francisco Guerra
|
0-0: Ball 1-0: Fly out, F9 (Flyball, 9S)
|
Batting: LHB Matt Palmer
|
0-0: Ball 1-0: Ball 2-0: Fly out, F8 (Flyball, 8RD)
|
Batting: RHB Mario van Heijbeeck
|
0-0: Ball 1-0: Ball 2-0: Called Strike 2-1: Fly out, F7 (Flyball, 7S)
|
Top of the 6th over - 0 runs, 0 hits, 0 errors, 0 left on base; Lake Minnetonka 0 - Springfield 2 |
BOTTOM OF THE 6TH |
Springfield Shooters batting - Pitching for Lake Minnetonka Love Boats : RHP Dylan Telford
|
Batting: RHB Daniel Carr
|
0-0: Ball 1-0: Ball 2-0: Ball 3-0: Called Strike 3-1: Fly out, F9 (Flyball, 9)
|
Batting: RHB Júlio Barajas
|
0-0: Ball 1-0: Foul Ball, location: 2F 1-1: Foul Ball, location: 2F 1-2: Ball 2-2: Ball 3-2: Strikes out swinging
|
Batting: RHB Don Pokorski
|
0-0: Foul Ball, location: 2F 0-1: Ball 1-1: Ball 2-1: Ground out U3 (Groundball, 3)
|
Bottom of the 6th over - 0 runs, 0 hits, 0 errors, 0 left on base; Lake Minnetonka 0 - Springfield 2 |
TOP OF THE 7TH |
Lake Minnetonka Love Boats batting - Pitching for Springfield Shooters : RHP Jami Haakana
|
Batting: LHB Juan Ramírez
|
0-0: Swinging Strike 0-1: Ball 1-1: Fly out, F9 (Flyball, 9)
|
Batting: RHB Jeff Hunter
|
0-0: Ball 1-0: Ball 2-0: Foul Ball, location: 2F 2-1: SOLO HOME RUN (Flyball, 7LD), Distance : 355 ft
|
Pitching: RHP Ricardo Pérez
|
|
Batting: LHB Wilton Maynard
|
0-0: Called Strike 0-1: Ground out U3 (Groundball, 3L)
|
Batting: RHB Martin van Veldhuizen
|
0-0: Ball 1-0: Foul Ball, location: 2F 1-1: Ball 2-1: Ball 3-1: Base on Balls
|
Batting: RHB Hatui Haunani
|
0-0: Called Strike 0-1: Foul Ball, location: 2F 0-2: Ball 1-2: Ball 2-2: DOUBLE (Flyball, 8RXD) Martin van Veldhuizen to third Martin van Veldhuizen scores
|
Pinch Hitting: RHB Michael Sweeney
|
0-0: Intentional Walk
|
Batting: RHB Francisco Guerra
|
0-0: Ball 1-0: Ball 2-0: Swinging Strike 2-1: Foul Ball, location: 2F 2-2: Foul Ball, location: 2F 2-2: Strikes out looking
|
Top of the 7th over - 2 runs, 2 hits, 0 errors, 2 left on base; Lake Minnetonka 2 - Springfield 2 |
BOTTOM OF THE 7TH |
Springfield Shooters batting - Pitching for Lake Minnetonka Love Boats : RHP Dylan Telford
|
Now at 3B: Mike Waddingham
|
|
Batting: RHB Ernesto Amézaga
|
0-0: Ball 1-0: Foul Ball, location: 2F 1-1: Ball 2-1: Foul Ball, location: 2F 2-2: Foul Ball, location: 2F 2-2: Ball 3-2: Foul Ball, location: 2F 3-2: Ground out 5-3 (Groundball, 5L)
|
Batting: RHB Mei Kim
|
0-0: Ball 1-0: Ground out 1-3 (Groundball, 13)
|
Batting: RHB Gianni Martin
|
0-0: Called Strike 0-1: Foul Ball, location: 2F 0-2: Ball 1-2: Ball 2-2: Foul Ball, location: 2F 2-2: Foul Ball, location: 2F 2-2: Foul Ball, location: 2F 2-2: Foul Ball, location: 2F 2-2: Foul Ball, location: 2F 2-2: SINGLE (Groundball, 6MD)
|
Pitching: RHP Harry Stogsdill
|
|
Batting: LHB Jared Swanson
|
0-0: Called Strike 0-1: Ball 1-1: Ball 2-1: Called Strike 2-2: Strikes out looking
|
Bottom of the 7th over - 0 runs, 1 hit, 0 errors, 1 left on base; Lake Minnetonka 2 - Springfield 2 |
TOP OF THE 8TH |
Lake Minnetonka Love Boats batting - Pitching for Springfield Shooters : RHP Ricardo Pérez
|
Batting: LHB Matt Palmer
|
0-0: Ball 1-0: Ball 2-0: Ball 3-0: Base on Balls
|
Batting: RHB Mario van Heijbeeck
|
0-0: Ball 1-0: Ball 2-0: Foul Ball, location: 2F 2-1: Foul Ball, location: 2F 2-2: Ball 3-2: Strikes out swinging
|
Batting: LHB Juan Ramírez
|
0-0: Ball 1-0: Ball 2-0: Called Strike 2-1: Swinging Strike 2-2: Ball 3-2: SINGLE (Line Drive, 4) Matt Palmer to second Matt Palmer to third
|
Batting: RHB Jeff Hunter
|
0-0: Ball 1-0: Foul Ball, location: 2F 1-1: Ball 2-1: Called Strike 2-2: Ball 3-2: SINGLE (Groundball, 6MD) Matt Palmer scores Juan Ramírez to second
|
Batting: LHB Wilton Maynard
|
Balk! Juan Ramírez to third Jeff Hunter to second 0-0: Intentional Walk
|
Batting: RHB Martin van Veldhuizen
|
0-0: Foul Ball, location: 2F 0-1: Grounds into fielders choice 6-2 (Groundball, 56) Jeff Hunter to third Wilton Maynard to second
|
Batting: RHB Hatui Haunani
|
0-0: Fly out, F4 (Popup, 4S)
|
Top of the 8th over - 1 run, 2 hits, 0 errors, 3 left on base; Lake Minnetonka 3 - Springfield 2 |
BOTTOM OF THE 8TH |
Springfield Shooters batting - Pitching for Lake Minnetonka Love Boats : RHP Harry Stogsdill
|
Batting: RHB Karl Wade
|
0-0: Ball 1-0: SINGLE (Groundball, 6MD)
|
Pinch Runner at 1st Andre González:
|
|
Batting: RHB Fook Zhŕo
|
0-0: Ball 1-0: Called Strike 1-1: Ball 2-1: Foul Ball, location: 2F 2-2: Ball 3-2: SINGLE (Flyball, 78S) Andre González to second Runner from 2nd tries for 3rd, SAFE, no throw
|
Batting: RHB Daniel Carr
|
0-0: Called Strike 0-1: Ground out 4-3 (Groundball, 4) Fook Zhŕo to second
|
Batting: RHB Júlio Barajas
|
0-0: Ball 1-0: Called Strike 1-1: Foul Ball, location: 2F 1-2: Ball 2-2: Fly out, F9 (Flyball, 9LS) Runner from 3rd tags up, SCORES, no throw
|
Pinch Hitting: LHB Armando Rodríguez
|
0-0: Called Strike 0-1: Ball 1-1: Ball 2-1: Swinging Strike 2-2: Ball 3-2: Base on Balls
|
Batting: RHB Ernesto Amézaga
|
0-0: Ball 1-0: Foul Ball, location: 2F 1-1: Foul Ball, location: 2F 1-2: Strikes out swinging
|
Bottom of the 8th over - 1 run, 2 hits, 0 errors, 2 left on base; Lake Minnetonka 3 - Springfield 3 |
TOP OF THE 9TH |
Lake Minnetonka Love Boats batting - Pitching for Springfield Shooters : RHP Ricardo Pérez
|
Pitching: RHP Ron Mingo
|
|
Now at SS: Andre González
|
|
Now in LF: Armando Rodríguez
|
|
Pinch Hitting: RHB Guillermo Carrizales
|
0-0: Called Strike 0-1: Swinging Strike 0-2: Strikes out looking
|
Batting: RHB Francisco Guerra
|
0-0: Called Strike 0-1: Fly out, F4 (Popup, 4MD)
|
Batting: LHB Matt Palmer
|
0-0: Called Strike 0-1: Ball 1-1: Ball 2-1: Ball 3-1: DOUBLE (Line Drive, 89D)
|
Batting: RHB Mario van Heijbeeck
|
0-0: Called Strike 0-1: Ball 1-1: Swinging Strike 1-2: Fly out, F9 (Flyball, 89S)
|
Top of the 9th over - 0 runs, 1 hit, 0 errors, 1 left on base; Lake Minnetonka 3 - Springfield 3 |
BOTTOM OF THE 9TH |
Springfield Shooters batting - Pitching for Lake Minnetonka Love Boats : RHP Harry Stogsdill
|
Now at 3B: Mike Bean
|
|
Batting: RHB Mei Kim
|
0-0: Ball 1-0: Ball 2-0: Swinging Strike 2-1: Swinging Strike 2-2: Ground out 6-3 (Groundball, 6)
|
Batting: RHB Gianni Martin
|
0-0: Called Strike 0-1: Ball 1-1: Swinging Strike 1-2: Fly out, F8 (Flyball, 8LS)
|
Batting: LHB Jared Swanson
|
0-0: Ball 1-0: Called Strike 1-1: Fly out, F7 (Flyball, 7D)
|
Bottom of the 9th over - 0 runs, 0 hits, 0 errors, 0 left on base; Lake Minnetonka 3 - Springfield 3 |
TOP OF THE 10TH |
Lake Minnetonka Love Boats batting - Pitching for Springfield Shooters : RHP Ron Mingo
|
Batting: LHB Juan Ramírez
|
0-0: Called Strike 0-1: Ball 1-1: Foul Ball, location: 2F 1-2: Foul Ball, location: 2F 1-2: DOUBLE (Line Drive, 78D)
|
Batting: RHB Jeff Hunter
|
0-0: Foul Ball, location: 2F 0-1: Ball 1-1: Ball 2-1: Called Strike 2-2: Foul Ball, location: 2F 2-2: Strikes out swinging
|
Batting: LHB Wilton Maynard
|
0-0: Intentional Walk
|
Batting: RHB Martin van Veldhuizen
|
0-0: Called Strike 0-1: Foul Ball, location: 2F 0-2: Ball 1-2: Strikes out swinging
|
Batting: RHB Hatui Haunani
|
0-0: Called Strike 0-1: Ball 1-1: Ball 2-1: Ball 3-1: Called Strike 3-2: Base on Balls Juan Ramírez to third Wilton Maynard to second
|
Batting: RHB Mike Bean
|
0-0: Ball 1-0: Foul Ball, location: 2F 1-1: Ball 2-1: Swinging Strike 2-2: Ball 3-2: Fly out, F7 (Line Drive, 78D)
|
Top of the 10th over - 0 runs, 1 hit, 0 errors, 3 left on base; Lake Minnetonka 3 - Springfield 3 |
BOTTOM OF THE 10TH |
Springfield Shooters batting - Pitching for Lake Minnetonka Love Boats : RHP Harry Stogsdill
|
Pitching: RHP Pancho Mastache
|
|
Pinch Hitting: RHB Telman Gadzhiyev
|
0-0: Ground out 6-3 (Groundball, 56)
|
Batting: RHB Fook Zhŕo
|
0-0: DOUBLE (Flyball, 78XD)
|
Batting: RHB Daniel Carr
|
0-0: Ball 1-0: Ball 2-0: Called Strike 2-1: Ground out 6-3 (Groundball, 6)
|
Batting: RHB Júlio Barajas
|
0-0: Called Strike 0-1: Ball 1-1: Ball 2-1: Hit by Pitch
|
Batting: LHB Armando Rodríguez
|
0-0: Foul Ball, location: 2F 0-1: Ground out 1-3 (Groundball, 13)
|
Bottom of the 10th over - 0 runs, 1 hit, 0 errors, 2 left on base; Lake Minnetonka 3 - Springfield 3 |
TOP OF THE 11TH |
Lake Minnetonka Love Boats batting - Pitching for Springfield Shooters : RHP Ron Mingo
|
Pitching: RHP Branlyn Jaraba
|
|
Now at SS: Jack Stidston
|
|
Batting: RHB Francisco Guerra
|
0-0: Ball 1-0: Ball 2-0: Ball 3-0: Called Strike 3-1: Foul Ball, location: 2F 3-2: Fly out, F8 (Flyball, 8RXD)
|
Batting: LHB Matt Palmer
|
0-0: Swinging Strike 0-1: Ball 1-1: TRIPLE (Flyball, 7D)
|
Batting: RHB Mario van Heijbeeck
|
0-0: Fly out, F4 (Line Drive, 4)
|
Batting: LHB Juan Ramírez
|
0-0: Intentional Walk
|
Batting: RHB Jeff Hunter
|
0-0: Foul Ball, location: 2F 0-1: Ground out 4-3 (Groundball, 4MS)
|
Top of the 11th over - 0 runs, 1 hit, 0 errors, 2 left on base; Lake Minnetonka 3 - Springfield 3 |
BOTTOM OF THE 11TH |
Springfield Shooters batting - Pitching for Lake Minnetonka Love Boats : RHP Pancho Mastache
|
Batting: RHB Ernesto Amézaga
|
0-0: Fly out, F8 (Flyball, 8RS)
|
Batting: RHB Mei Kim
|
0-0: Ball 1-0: Ball 2-0: Foul Ball, location: 2F 2-1: Foul Ball, location: 2F 2-2: Foul Ball, location: 2F 2-2: Ball 3-2: SINGLE (Groundball, 56D)
|
Batting: RHB Gianni Martin
|
0-0: Ball 1-0: Called Strike 1-1: Called Strike 1-2: Ball 2-2: Strikes out swinging
|
Batting: LHB Jared Swanson
|
0-0: Ball 1-0: Swinging Strike 1-1: Ball 2-1: Foul Ball, location: 2F 2-2: Foul Ball, location: 2F 2-2: Fly out, F9 (Flyball, 9LM)
|
Bottom of the 11th over - 0 runs, 1 hit, 0 errors, 1 left on base; Lake Minnetonka 3 - Springfield 3 |
TOP OF THE 12TH |
Lake Minnetonka Love Boats batting - Pitching for Springfield Shooters : RHP Branlyn Jaraba
|
Batting: LHB Wilton Maynard
|
0-0: Ball 1-0: Called Strike 1-1: Ball 2-1: SINGLE (Groundball, 6D)
|
Batting: RHB Martin van Veldhuizen
|
0-0: Called Strike 0-1: Ball 1-1: Ball 2-1: Ball 3-1: Fielders Choice at 2nd, 4-6 (Groundball, 4)
|
Batting: RHB Hatui Haunani
|
0-0: Called Strike 0-1: Ball 1-1: Ball 2-1: Foul Ball, location: 2F 2-2: SINGLE (Flyball, 9LS) Martin van Veldhuizen to second Runner from 2nd tries for 3rd, SAFE, no throw
|
Batting: RHB Mike Bean
|
0-0: Ball 1-0: Grounds into double play, 1-4-3 (Groundball, 15)
|
Top of the 12th over - 0 runs, 2 hits, 0 errors, 1 left on base; Lake Minnetonka 3 - Springfield 3 |
BOTTOM OF THE 12TH |
Springfield Shooters batting - Pitching for Lake Minnetonka Love Boats : RHP Pancho Mastache
|
Pitching: LHP Inaki Maira
|
|
Batting: RHB Jack Stidston
|
0-0: Called Strike 0-1: Ball 1-1: Ball 2-1: Ball 3-1: Base on Balls
|
Batting: RHB Fook Zhŕo
|
0-0: Fly out, F9 (Flyball, 9D) Runner from 1st tags up, SAFE at 2nd
|
Batting: RHB Daniel Carr
|
0-0: Ball 1-0: Swinging Strike 1-1: Swinging Strike 1-2: Ball 2-2: Foul Ball, location: 2F 2-2: SINGLE (Groundball, 56) (infield hit) Jack Stidston to third
|
Batting: RHB Júlio Barajas
|
0-0: Ball 1-0: Called Strike 1-1: Ball 2-1: SINGLE (Groundball, 56D) Jack Stidston scores
|
Friday, March 29th, 2019 - OOTP Baseball 18.8 Build 76
|
|